 Dungeon Crawl Stone Soup version 0.29.1-2-gbd0b4ee654 (webtiles) character file.

Game seed: 120928378268785156

2742 qeuew the Protected (level 9, -5/82 HPs)
             Began as a Minotaur Fighter on Nov 11, 2022.
             Was an Initiate of Gozag.
             Slain by a yak (9 damage)
             ... on level 8 of the Dungeon.
             The game lasted 00:08:26 (7191 turns).

qeuew the Protected (Minotaur Fighter)              Turns: 7191, Time: 00:08:28

Health: -5/82      AC: 18    Str: 20    XL:     9   Next: 41%
Magic:  8/8        EV: 11    Int:  5    God:    Gozag
Gold:   605        SH:  0    Dex: 15    Spells: 8/8 levels left

rFire   + . .      SeeInvis .   a - +1 war axe (protect)
rCold   . . .      Faith    .   c - +0 buckler
rNeg    . . .      Spirit   .   b - +0 scale mail
rPois   .          Reflect  +   (helmet restricted)
rElec   .          Harm     .   (no cloak)
rCorr   .          Rampage  .   j - +0 pair of gloves
Will    .....                   s - +0 pair of boots
Stlth   ..........              g - amulet of reflection
HPRegen 0.23/turn               p - ring of protection from fire
MPRegen 0.11/turn               (no ring)

@: confused, ambrosia-drunk, gold aura, under a protective aura, studying 2
skills
A: horns 2, retaliatory headbutt
a: Renounce Religion, Potion Petition, Call Merchant, Bribe Branch


You were on level 8 of the Dungeon.
You worshipped Gozag.
Gozag was pleased with you.
You visited 2 branches of the dungeon, and saw 9 of its levels.

You collected 831 gold pieces.
You paid 226 gold pieces to Gozag.

Inventory:

Hand Weapons
 a - a +1 war axe of protection (weapon)
Armour
 b - a +0 scale mail (worn)
 c - a +0 buckler (worn)
 j - a +0 pair of gloves (worn)
 s - a +0 pair of boots (worn)
Jewellery
 g - an amulet of reflection (around neck)
 p - a ring of protection from fire (left hand)
 u - a ring of protection from cold
Wands
 h - a wand of polymorph (7)
 m - a wand of roots (6) (quivered)
 q - a wand of flame (50)
Scrolls
 i - a scroll of enchant weapon
 k - 4 scrolls of teleportation
 w - a scroll of blinking
Potions
 e - 2 potions of flight
 f - a potion of invisibility
 l - 2 potions of haste
 n - a potion of ambrosia
 r - a potion of attraction
 v - 2 potions of curing


   Skills:
 * Level 8.7 Fighting
 + Level 7.0 Axes
 * Level 8.7 Armour
 + Level 4.7 Dodging
 + Level 6.5 Shields
 + Level 3.6 Evocations


You had 8 spell levels left.
You didn't know any spells.
Your spell library contained the following spells:

 Spells                   Type           Power      Damage    Failure   Level
 Foxfire                  Conj/Fire      0%         2x1d4     86%         1
 Sublimation of Blood     Necr           0%         N/A       94%         2
 Wereblood                Tmut           0%         N/A       94%         2
 Conjure Flame            Conj/Fire      0%         6-21      99%         3
 Inner Flame              Hex/Fire       0%         N/A       99%         3
 Portal Projectile        Hex/Tloc       0%         N/A       99%         3
 Tukima's Dance           Hex            0%         N/A       99%         3
 Flame Wave               Conj/Fire      0%         2d4       100%        4
 Blade Hands              Tmut           0%         N/A       100%        5
 Summon Hydra             Summ           0%         N/A       100%        7


Dungeon Overview and Level Annotations

Branches:
Dungeon (8/15)             Temple (1/1) D:7
   Lair: D:8-11

Altars:
Ashenzari
Cheibriados
Dithmenos
Gozag
Nemelex Xobeh
Okawaru
Qazlal
Trog
Uskayaw
Vehumet
Wu Jian
Yredelemnul
Zin

Shops:
D:4 (


Innate Abilities, Weirdness & Mutations

You have a pair of horns on your head.
You reflexively headbutt those who attack you in melee.


Message History

You hit the yak.
The yak is almost dead.
You closely miss the yak. You slash the yak! You slash the bullfrog!
You block the bullfrog's attack.
The yak gores you! x2; The yak gores you.
The bullfrog closely misses you.
You are too injured to fight recklessly!
You are too injured to fight recklessly!
Unknown command.
You hit the yak.
The yak is severely wounded.
You completely miss the yak. You closely miss the bullfrog. You hit the yak.
The bullfrog barely misses you. You furiously retaliate!
You headbutt the bullfrog!
You kill the bullfrog!
The yak gores you!
* * * LOW HITPOINT WARNING * * *
The wyvern is distracted by your dazzling golden aura.
You block the yak's attack. The yak barely misses you. You furiously retaliate!
You headbutt the yak!
You kill the yak!
The yak is distracted by your dazzling golden aura.
The yak gores you but does no damage.
Your Axes skill increases to level 7!
The yak bellows!
You slash the yak!
The yak is no longer distracted by gold.
The yak is almost dead.
You hit the yak.
The wyvern is no longer distracted by gold.
You block the yak's attack. The yak gores you!
* * * LOW HITPOINT WARNING * * *
You block the wyvern's attack.
You are confused.
You feel invigorated.
The wyvern bites you but does no damage.
The yak gores you!
* * * LOW HITPOINT WARNING * * *
The yak gores you!
You die...
Your body crumbles into a pile of gold.

,,,,,,,*,,,,,,,,,,,,,*,,,,,,,,,,*
,,,,,,,**#.#.......,###.,*,**,*,,
,,,,,,***#.#..<....,.#..,*,,*,**,
,,,,,***,.........#.....,,,,,,*,,
,,,,,,,,,,...)....#.....,,,,,,,,*
,,,,,,,,,**#...........#,,,,,,*,,
,,,,,,*,,,,,,..........#**,,,,,>,
,,,,,**,**,,,,#lYY......,,,,,,,,,
,,,,,*,,,*,,,,*#@$......,,,,,,,,,
,,,*,**,,***#..$$.....#.,,,,,,**,
,,,****,,**#....##...##,,,,,,,**,
,*,,,,,,,.......,,......,,,,,,,,,
*,,,,,,*,#..#...,,,.....,,,,,,,*,
,,*,,,,,*#.*#...,,,.....,***,,**,
*****,***#**#...,,,,....***,,,*,,
* *,* *,....,,,,....**,,,,,,* *
***,*** **,*,,,,,,,,,,,**,,,,,,


You could see 2 yaks and a wyvern.

Vanquished Creatures
  A yak (D:8)
  Edmund (D:5)
  A water moccasin (D:6)
  A sky beast (D:7)
  An ice beast (D:7)
  3 ogres
  An orc warrior (D:7)
  2 black bears
  A centaur (D:5)
  A phantom (D:7)
  A necrophage (D:4)
  3 scorpions
  4 bullfrogs
  6 wights (D:7)
  3 hounds
  4 orc priests
  2 jellies
  Natasha (thrice) (D:2)
  6 iguanas
  A gnoll (D:1)
  7 adders
  A white imp (D:7)
  4 worms
  A dart slug (D:2)
  24 orcs
  11 ball pythons
  8 bats
  2 endoplasms
  5 giant cockroaches
  7 goblins
  8 hobgoblins
  3 jackals (D:3)
  11 kobolds
  2 quokkas
  6 frilled lizards
  5 rats
151 creatures vanquished.

Vanquished Creatures (others)
  2 plants (D:3)
2 creatures vanquished.

Grand Total: 153 creatures vanquished

Notes
Turn   | Place    | Note
-------+----------+-------------------------------------------
     0 | D:1      | qeuew the Minotaur Fighter began the quest for the Orb.
     0 | D:1      | Reached XP level 1. HP: 19/19 MP: 0/0
    41 | D:1      | Reached XP level 2. HP: 5/27 MP: 1/1
   552 | D:1      | Reached XP level 3. HP: 30/33 MP: 2/2
   614 | D:1      | Found a faded altar of an unknown god.
  1153 | D:2      | Noticed Natasha
  1159 | D:2      | Killed Natasha
  1160 | D:2      | Reached skill level 1 in Dodging
  1160 | D:2      | Reached XP level 4. HP: 41/41 MP: 3/3
  1579 | D:2      | Noticed Natasha
  1584 | D:2      | Killed Natasha
  1709 | D:2      | Noticed Natasha
  1735 | D:2      | Killed Natasha
  1736 | D:2      | Reached XP level 5. HP: 6/47 MP: 4/4
  2305 | D:3      | Reached skill level 5 in Armour
  2374 | D:3      | Found a hide-covered altar of Uskayaw.
  2409 | D:3      | Reached skill level 5 in Fighting
  2665 | D:3      | Found a stormy altar of Qazlal.
  2824 | D:3      | Found a sparkling altar of Nemelex Xobeh.
  2825 | D:3      | Found a shadowy altar of Dithmenos.
  2825 | D:3      | Found a radiant altar of Vehumet.
  2825 | D:3      | Found a snail-covered altar of Cheibriados.
  2825 | D:3      | Found a broken altar of Ashenzari.
  2832 | D:3      | Found a glowing silver altar of Zin.
  2834 | D:3      | Found a basalt altar of Yredelemnul.
  2994 | D:4      | Found an ornate altar of the Wu Jian Council.
  3169 | D:4      | Reached skill level 1 in Evocations
  3169 | D:4      | Reached XP level 6. HP: 46/56 MP: 5/5
  3287 | D:4      | Found Igruc's Weapon Boutique.
  3805 | D:5      | Entered Level 5 of the Dungeon
  4126 | D:5      | Reached XP level 7. HP: 62/62 MP: 6/6
  4240 | D:5      | Noticed Edmund
  4249 | D:5      | Killed Edmund
  4350 | D:5      | Reached skill level 5 in Shields
  4498 | D:5      | Reached XP level 8. HP: 54/71 MP: 7/7
  4935 | D:5      | Identified a scroll of acquirement
  4935 | D:5      | Acquired a manual of Axes
  5406 | D:6      | Reached skill level 5 in Axes
  5714 | D:6      | Noticed a moth of wrath
  5718 | D:6      | Found a bloodstained altar of Trog.
  6096 | D:7      | Found a staircase to the Ecumenical Temple.
  6117 | Temple   | Entered the Ecumenical Temple
  6164 | Temple   | Became a worshipper of Gozag Ym Sagoz the Greedy
  6218 | D:7      | Identified the +3 dagger of Wyrd {holy, rCorr}
  6866 | D:7      | Reached XP level 9. HP: 81/81 MP: 8/8
  7191 | D:8      | HP: 4/82 [yak (10)]
  7191 | D:8      | Slain by a yak

Illustrated notes

Levels and vault maps discovered:
D:1:      dreamdust_arrival_sigmund_warning, layout_basic,
          shapermc_ecumenical_altar_mp_urbaneastern, hangedman_decor_slide_cut,
          minivault_5
D:2:      layout_basic, serial_park_tiny_pond, uniq_natasha
D:3:      layout_rooms, grunt_qazlal_clouds, minitemple, lexackson_kobold_supper
D:4:      minmay_general_purpose_star, layout_rooms,
          nicolae_wu_jian_wuxing_cycle, serial_shops, nicolae_lakefront_shop,
          nicolae_elevator_lobby_asterisk
D:5:      layout_loops_ring, uniq_edmund
D:6:      layout_basic, tgw_trog, minmay_misc_feat_secret_circle,
          minmay_misc_feat_doors
D:7:      minmay_polygon_palace, layout_basic, minmay_temple_entry_stoned_glass
D:8:      layout_cave_pools, nicolae_overflow_crystal_walls, enter_bailey_5
Temple:   hellmonk_temple_beads

Skill      XL: |  1  2  3  4  5  6  7  8  9 |
---------------+----------------------------+-----
Armour         | 4 5 6 8 |  8.7
Fighting       | 4 5 6 8 |  8.7
Axes           | 3 4 6 7 |  7.0
Dodging        | 1 2 3 4 |  4.7
Shields        | 4 5 6 |  6.5
Evocations     | 1 2 3 |  3.6

Action                   |  1- 3 |  4- 6 |  7- 9 || total
-------------------------+-------+-------+-------++-------
Melee: War axe           |    58 |   149 |   172 ||   379
       Headbutt          |     4 |    31 |    36 ||    71
       Unarmed           |     5 |    21 |       ||    26
Evoke: Wand              |       |     1 |       ||     1
  Use: Scroll            |     3 |     8 |     7 ||    18
       Potion            |       |     2 |     4 ||     6
 Stab: Confused          |     1 |       |       ||     1
Armor: Scale mail        |    22 |    60 |    57 ||   139
       Skin              |     2 |       |       ||     2
Dodge: Dodged            |    30 |    63 |    73 ||   166
Block: Buckler           |    34 |    69 |   102 ||   205
       Other             |       |     5 |       ||     5
       Reflection        |       |     2 |       ||     2
